 Dungeon Crawl Stone Soup version 0.19-a0-593-gf2cdb02 (webtiles) character file.

3982 Duffy the Martial Artist (level 10, -5/57 HPs)
             Began as a Vine Stalker Monk on June 10, 2016.
             Was a Believer of Cheibriados.
             Slain by a hill giant
             ... wielding a +0 giant club
              (20 damage)
             ... on level 8 of the Dungeon.
             The game lasted 00:09:54 (7264 turns).

Duffy the Martial Artist (Vine Stalker Monk)        Turns: 7264, Time: 00:09:55

Health: -5/57      AC: 15    Str: 20    XL:     10   Next: 22%
Magic:  0/11       EV: 11    Int: 15    God:    Cheibriados [**....]
Gold:   681        SH:  0    Dex: 24    Spells: 0 memorised, 9 levels left

rFire  . . .     SeeInvis +       - Unarmed
rCold  . . .     Gourm    +     f - +4 chain mail
rNeg   + . .     Faith    .     (no shield)
rPois  .         Spirit   +     (no helmet)
rElec  .         Dismiss  .     e - +0 cloak
rCorr  .         Reflect  .     q - +0 pair of gloves
SustAt .         Harm     .     y - +0 pair of boots
MR     +....                    D - amulet of the gourmand
Stlth  ..........               l - ring of see invisible
                                g - ring of positive energy

@: very slow, somewhat resistant to hostile enchantments, extremely unstealthy
A: fangs 3, regeneration 2, magic shield, antimagic bite, no device heal 3, rot
immunity
a: Bend Time, Renounce Religion


You were on level 8 of the Dungeon.
You worshipped Cheibriados.
Cheibriados was pleased with you.
You were not hungry.

You visited 2 branches of the dungeon, and saw 9 of its levels.
You also visited: Sewer and Ossuary.

You collected 681 gold pieces.


Innate Abilities, Weirdness & Mutations

You have razor-sharp teeth.
You heal very quickly.
When hurt, damage is shared between your health and your magic reserves.
Your bite disrupts and absorbs the magic of your enemies.
Potions and wands cannot restore your health.
You are immune to rotting.


   Skills:
 - Level 8.5 Fighting
 + Level 4.8 Dodging
 - Level 2.4 Stealth
 + Level 11.0 Unarmed Combat


You had 9 spell levels left.
You didn't know any spells.

Inventory:

Armour
 e - a +0 cloak (worn)
 f - a +4 chain mail (worn)
 q - a +0 pair of gloves (worn)
 y - a +0 pair of boots (worn)
 z - a steam dragon hide
Jewellery
 g - a ring of positive energy (left hand)
 j - an uncursed ring of flight
 l - a ring of see invisible (right hand)
 D - an amulet of the gourmand (around neck)
Wands
 a - a wand of flame (28/48)
 d - a wand of random effects (21/48)
 p - a wand of teleportation (1/9)
 w - a wand of lightning (8/15)
 F - a wand of heal wounds (4/9)
 H - a wand of disintegration (10/24)
Scrolls
 m - 9 scrolls of teleportation
 n - 2 scrolls of magic mapping
 o - 4 scrolls of fear
 u - 2 scrolls of blinking
 x - a scroll of remove curse
 E - 2 scrolls of recharging
Potions
 c - 2 potions of resistance
 h - a potion of flight {unknown}
 i - 2 potions of lignification {unknown}
 k - a potion of mutation {unknown}
 s - 3 potions of brilliance {unknown}
 t - 3 potions of magic {unknown}
 v - 10 potions of curing {unknown}
 A - a potion of cancellation {unknown}
 B - a potion of agility
Books
 C - a book of Enchantments
 G - the Disquisition on Sinister Arts and the Compass

   Spells                             Type                      Level
   a - Sublimation of Blood           Necromancy                   2
   b - Blink                          Translocation                2
   c - Control Undead                 Necromancy                   4
   d - Bolt of Draining               Conjuration/Necromancy       5
   e - Agony                          Necromancy                   5
Comestibles
 b - 5 bread rations
 r - 4 meat rations

Dungeon Overview and Level Annotations

Branches:
Dungeon (8/15)             Temple (1/1) D:7
   Lair: D:8-11

Altars:
Ashenzari
Cheibriados
Dithmenos
Elyvilon
Fedhas
Gozag
Hepliaklqana
Kikubaaqudgha
Makhleb
Nemelex Xobeh
Okawaru
Pakellas
Qazlal
Ru
Sif Muna
Trog
Uskayaw
Vehumet
Xom
Yredelemnul
Zin
The Shining One

Shops:
D:4 (

Annotations:
D:6 exclusion: oklob plant


Message History

No target in view!
No target in view!
No target in view!
No target in view!
No target in view!
No target in view!
Things that are here:
a giant spiked club; an ogre corpse A hill giant comes into view.
It is wielding a giant club.
The hill giant shouts!
A hill giant is nearby!
A hill giant is nearby!
The hill giant hits you with a giant club!
Found a stone staircase leading up.
You see here 10 gold pieces.
You punch the hill giant! You bite the hill giant. You drain its power.
You feel invigorated.
The hill giant is lightly wounded.
You hit the hill giant.
You bite the hill giant, but do no damage.
The hill giant is lightly wounded.
The hill giant hits you with a giant club!
You hit the hill giant. Your bite misses the hill giant.
The hill giant is moderately wounded.
The hill giant hits you with a giant club!
You punch the hill giant! You bite the hill giant! You drain its power.
You feel invigorated.
The hill giant is severely wounded.
You punch the hill giant! You bite the hill giant. You drain its power.
The hill giant is almost dead.
The hill giant hits you with a giant club!!
You are too injured to fight recklessly!
You are too injured to fight recklessly!
You are too injured to fight recklessly!
You are too injured to fight recklessly!
You are too injured to fight recklessly!
You are too injured to fight recklessly!
You are too injured to fight recklessly!
You are too injured to fight recklessly!
You are too injured to fight recklessly!
You are too injured to fight recklessly!
You are too injured to fight recklessly!
You are too injured to fight recklessly!
You are too injured to fight recklessly!
You are too injured to fight recklessly!
You hit the hill giant but do no damage.
You bite the hill giant, but do no damage.
The hill giant is almost dead.
The hill giant hits you with a giant club!!
You die...

.... ..... ## <.....
. ...... ###.
.##.#..# ....
###......## .....
#..####..........
....# #........@C.#
....# ##.....#.###
....# ##...##.#
....#######......#
....##......).####
....#............#
(......######.##....
.....#).# .... ...
...####.# ...... .


You could see a hill giant.

Action                   |  1- 3 |  4- 6 |  7- 9 | 10-12 || total
-------------------------+-------+-------+-------+-------++-------
Melee: Unarmed           |   110 |   153 |   451 |    69 ||   783
       Bite              |    29 |    44 |   161 |    32 ||   266
       Punch             |     3 |     2 |    19 |     3 ||    27
  Use: Scroll            |       |       |    10 |     7 ||    17
       Potion            |       |       |     1 |       ||     1
 Stab: Sleeping          |       |     3 |       |       ||     3
  Eat: Chunk             |     1 |     4 |     8 |     2 ||    15
       Pizza             |       |       |     2 |       ||     2
       Beef jerky        |       |       |     2 |       ||     2
Armor: Ring mail         |    57 |    18 |       |       ||    75
       Scale mail        |       |    15 |    52 |       ||    67
       Chain mail        |       |       |   125 |    16 ||   141
Dodge: Dodged            |    63 |    67 |   168 |    21 ||   319

Notes
Turn   | Place    | Note
--------------------------------------------------------------
     0 | D:1      | Duffy the Vine Stalker Monk began the quest for the Orb.
     0 | D:1      | Reached XP level 1. HP: 11/11 MP: 2/2
   121 | D:1      | Reached XP level 2. HP: 16/16 MP: 3/3
   137 | D:1      | Reached skill level 3 in Fighting
   368 | D:1      | Reached XP level 3. HP: 20/20 MP: 4/4
   725 | D:2      | Found an iron altar of Okawaru.
   729 | D:2      | Found a shattered altar of Ashenzari.
   732 | D:2      | Found a white marble altar of Elyvilon.
   737 | D:2      | Found a basalt altar of Yredelemnul.
  1092 | D:2      | Found a sacrificial altar of Ru.
  1096 | D:2      | Found a shimmering altar of Xom.
  1133 | D:2      | Reached XP level 4. HP: 24/24 MP: 5/5
  1219 | D:2      | Reached skill level 5 in Unarmed Combat
  1425 | D:3      | Reached XP level 5. HP: 20/29 MP: 3/6
  1767 | D:3      | Reached skill level 4 in Fighting
  1769 | D:3      | Found an opulent altar of Gozag.
  1993 | D:4      | Noticed an ogre
  2005 | D:4      | Killed an ogre
  2005 | D:4      | Gained mutation: You heal very quickly. [Vine Stalker growth]
  2005 | D:4      | Reached XP level 6. HP: 3/34 MP: 0/7
  2221 | D:4      | Reached skill level 6 in Unarmed Combat
  2235 | D:4      | Found a glowing drain.
  2244 | Sewer    | Entered a sewer
  2282 | Sewer    | Reached skill level 5 in Fighting
  2317 | Sewer    | Reached XP level 7. HP: 39/39 MP: 8/8
  2637 | Sewer    | Reached skill level 7 in Unarmed Combat
  2774 | Sewer    | Reached skill level 6 in Fighting
  2981 | D:4      | Found a glowing golden altar of the Shining One.
  3054 | D:4      | Found Dudeon's Antique Weapon Shop.
  3065 | D:4      | Gained mutation: You have razor-sharp teeth. [Vine Stalker growth]
  3065 | D:4      | Reached XP level 8. HP: 36/44 MP: 9/9
  3540 | D:5      | Entered Level 5 of the Dungeon
  3791 | D:5      | Noticed Grinder
  3798 | D:5      | Killed Grinder
  3798 | D:5      | Reached skill level 8 in Unarmed Combat
  4064 | D:5      | Reached skill level 7 in Fighting
  4779 | D:6      | Reached skill level 9 in Unarmed Combat
  4852 | D:6      | Reached XP level 9. HP: 50/50 MP: 10/10
  4866 | D:6      | Noticed Menkaure
  4873 | D:6      | Killed Menkaure
  5054 | D:6      | Reached skill level 8 in Fighting
  5123 | D:6      | Noticed Sigmund
  5127 | D:6      | Noticed Edmund
  5143 | D:6      | Killed Edmund
  5146 | D:6      | Killed Sigmund
  5440 | D:6      | Noticed an oklob plant
  5458 | D:6      | Reached skill level 10 in Unarmed Combat
  5672 | D:7      | Reached skill level 3 in Dodging
  5693 | D:7      | Found a sand-covered staircase.
  5703 | Ossuary  | Entered an ossuary
  5960 | Ossuary  | Reached XP level 10. HP: 57/57 MP: 11/11
  6021 | Ossuary  | Reached skill level 4 in Dodging
  6177 | D:7      | Found a staircase to the Ecumenical Temple.
  6182 | Temple   | Entered the Ecumenical Temple
  6222 | Temple   | Became a worshipper of Cheibriados the Contemplative
  6222 | Temple   | Reached * piety under Cheibriados
  6222 | Temple   | Reached ** piety under Cheibriados
  6359 | D:7      | Found an ancient bone altar of Kikubaaqudgha.
  6524 | D:7      | Found a bloodstained altar of Trog.
  6718 | D:7      | Found a radiant altar of Vehumet.
  6773 | D:7      | Found a hazy altar of Hepliaklqana.
  6925 | D:7      | Identified the Disquisition on Sinister Arts and the Compass
  7215 | D:8      | Found a basalt altar of Yredelemnul.
  7231 | D:8      | Reached skill level 11 in Unarmed Combat
  7256 | D:8      | Noticed a hill giant
  7264 | D:8      | Slain by a hill giant

Skill      XL: |  1  2  3  4  5  6  7  8  9 10 |
---------------+-------------------------------+-----
Fighting       | 3 4 5 6 7 8 |  8.5
Unarmed Combat | 5 6 7 9 10 11 | 11.0
Dodging        | 3 4 |  4.8
Stealth        | |  2.4

Vault maps used:
D:1:      dpeg_arrival_subterranean_lakeside_camping, roderic_aztec_sauvastika,
          minivault_14
D:2:      nicolae_overflow_hidden_temple, grunt_temple_overflow_cloverleaf
D:3:      nicolae_gozag_cash_rules_everything_around_me, first_bread
D:4:      tso_oasis_becter, portal_sewer_entry_e, serial_shops, shop
D:5:      uniq_grinder
D:6:      lemuel_slime, sigmund_edmund_badplayer, uniq_menkaure
D:7:      kennysheep_little_box, kiku_gazebo_garden_becter, vehumet_statue,
          lightli_temple_of_fire, temple_doors_e, gup_ossuary_entry_pyramid
D:8:      hangedman_cross_stitches, basic_altar, serial_shops, shop
Temple:   eino_wide_crystal_templ_10
Sewer:    sewer_co_tree
Ossuary:  ossuary_minmay_scorpions

Vanquished Creatures
  Grinder Sigmund Menkaure Edmund
  An ice beast
  2 orc warriors
  5 ogres
  2 centaurs
  7 big kobolds
  4 giant frogs
  9 scorpions
  A howler monkey
  A crimson imp
  2 human zombies
  A giant frog zombie
  A quasit
  A giant frog skeleton
  2 centaur zombies
  3 hounds
  7 jellies
  A gnoll shaman
  3 orc wizards
  An iguana
  4 worker ants
  A statue
  4 mummies
  5 gnolls
  2 river rats
  10 adders
  8 scorpion zombies
  A shadow imp
  17 oozes
  An adder zombie
  6 worms
  A dart slug
  3 giant geckos
  10 orcs
  9 giant cockroaches
  7 goblins
  6 hobgoblins
  9 jackals
  2 quokkas
  9 ball pythons
  6 bats
  A giant cockroach zombie
  A giant gecko skeleton
  3 giant newts
  2 gnoll zombies
  A goblin zombie
  2 hobgoblin zombies
  7 kobolds
  4 kobold zombies
  An orc zombie
  19 rats
  4 fungi
224 creatures vanquished.
